AoeStats
← BenJames

Socotra

506771422Analyzed
2v2 RM · 16d ago on Sep 15, 2026· 53m 49s· 4 players
Game mode
Random Map
Map size
Tiny (2 player)
Population
200
Speed
Normal
Resources
Standard
Victory
Conquest
Starting age
Dark Age
Ending age
Imperial Age
RankedLock teamsTeams togetherTeam positionsShared explorationLock speedFull tech treeHidden civsTurbo modeCheats
Victory
Defeat
🇺🇸 Georgians · United States
1119
+14
🇺🇸 Koreans · United States
1059
+16
🇨🇴 Mongols · Colombia
1070
-15
🇵🇪 Teutons · Peru
1065
-15
cuymagico
2:15 Loom
10:29 Feudal Age
18:45 Fletching
32:47 Castle Age
31:28 Scale Mail Armor
31:40 Forging
31:59 Double-Bit Axe
31:58 Horse Collar
32:19 Arson
34:03 Pikeman
34:44 Squires
35:34 Guard Tower
36:03 Town Watch
37:01 Man-at-Arms
39:18 Gambesons
40:17 Long Swordsman
42:08 Heavy Plow
42:28 Bow Saw
43:41 Redemption
44:21 Atonement
47:54 Sanctity
48:13 Wheelbarrow
48:01 Town Patrol
48:56 Chain Mail Armor
50:59 Iron Casting
51:28 Hand Cart
BenJames
5:12 Loom
8:53 Feudal Age
9:24 Man-at-Arms
9:58 Double-Bit Axe
15:48 Fletching
17:29 Forging
19:23 Scale Mail Armor
28:49 Castle Age
27:24 Horse Collar
28:00 Gold Mining
28:30 Scale Barding Armor
31:37 Squires
32:31 Bloodlines
32:31 Pikeman
35:15 Iron Casting
35:09 Bow Saw
39:32 Heavy Plow
41:37 Bodkin Arrow
46:53 Imperial Age
45:10 Wheelbarrow
48:07 Bracer
48:20 Padded Archer Armor
48:35 Crossbowman
50:40 Thumb Ring
TheBarb
11:24 Feudal Age
9:41 Loom
16:29 Castle Age
16:43 Bloodlines
29:02 Bloodlines
30:15 Fletching
32:04 Pikeman
32:47 Squires
33:01 Forging
32:57 Scale Barding Armor
34:25 Scale Mail Armor
35:06 Husbandry
40:31 Imperial Age
39:00 Ballistics
38:50 Horse Collar
40:53 Chain Mail Armor
41:14 Iron Casting
40:59 Chain Barding Armor
42:55 Wheelbarrow
45:28 Blast Furnace
44:49 Chain Barding Armor
46:18 Chemistry
46:18 Conscription
45:50 Halberdier
Iconicslacker69
0:39 Loom
13:07 Feudal Age
14:27 Stone Mining
15:16 Double-Bit Axe
17:43 Fletching
19:52 Gold Mining
25:01 Wheelbarrow
27:10 Castle Age
26:54 Wheelbarrow
27:04 Horse Collar
28:26 Bow Saw
29:57 Gold Shaft Mining
29:53 Town Watch
33:43 Bodkin Arrow
38:31 Imperial Age
36:14 Heavy Plow
38:48 Capped Ram
38:48 Heavy Rocket Cart
39:46 Hand Cart
39:37 Bracer
42:14 Siege Engineers
43:33 Scale Mail Armor
44:08 Squires
45:04 Town Patrol
46:21 Elite Fire Lancer
47:33 Forging
51:06 Light Cavalry
51:46 Husbandry
Connection lost

Rejoining the realm…

Still unreachable

The connection could not be restored.

Session expired

The server has moved on; the page needs a fresh start.